 Dungeon Crawl Stone Soup version 0.32-a0-996-gb3226c233f (webtiles) character file.

Game seed: 3699260253678048126

53 Vbesf the Poker (level 3, -2/35 HPs)
             Began as a Gnoll Cinder Acolyte on Apr 23, 2024.
             Was a High Priest of Ignis.
             Slain by a crimson imp
             ... wielding a +1 dagger of chaos
              (3 damage)
             ... on level 3 of the Dungeon.
             The game lasted 00:02:52 (1935 turns).

Vbesf the Poker (Gnoll Cinder Acolyte)              Turns: 1935, Time: 00:02:52

Health: -2/35      AC: 15    Str: 15    XL:     3   Next: 89%
Magic:  5/7        EV:  6    Int: 13    God:    Ignis [*****.]
Gold:   146        SH:  0    Dex: 13    Spells: 7/7 levels left

rFire   + . .        a - -1 spear (flame)
rCold   . . .        (no shield)
rNeg    . . .        l - +0 chain mail
rPois   .            (no helmet)
rElec   .            (no cloak)
rCorr   .            (no gloves)
SInv    .            (no boots)
Will    .....        (no amulet) Stlth
                     j - +6 ring of dexterity
HPRegen 0.25/turn    (no ring)
MPRegen 0.10/turn

%: no passive effects
@: weak-willed, fiery-armoured
A: fangs 1, strong nose, distributed training
a: Renounce Religion, Fiery Armour, Foxfire Swarm, Rising Flame


You were on level 3 of the Dungeon.
You worshipped Ignis.
Ignis was extremely pleased with you.
You visited 1 branch of the dungeon, and saw 3 of its levels.

You collected 146 gold pieces.

Inventory:

Hand Weapons
 a - a -1 spear of flaming (weapon)
Missiles
 c - 30 stones (quivered)
Armour
 l - a +0 chain mail (worn)
Jewellery
 j - a +6 ring of dexterity (left hand)
 m - a ring of resist corrosion
 n - an amulet of guardian spirit
Scrolls
 b - a scroll of enchant armour {unknown}
 f - a scroll of blinking {unknown}
Potions
 d - a potion of invisibility {unknown}
 e - 2 potions of heal wounds {unknown}
 g - 2 potions of curing {unknown}
 h - a potion of attraction {unknown}
 i - a potion of berserk rage {unknown}
 k - a potion of resistance {unknown}


   Skills:
 + Level 6.5 Fighting
 + Level 1.0 Short Blades
 + Level 1.0 Long Blades
 + Level 1.0 Axes
 + Level 1.0 Maces & Flails
 + Level 6.5 Polearms
 + Level 1.0 Staves
 + Level 1.0 Ranged Weapons
 + Level 1.0 Throwing
 + Level 1.0 Armour
 + Level 1.0 Dodging
 + Level 1.0 Stealth
 + Level 1.0 Shields
 + Level 1.0 Unarmed Combat
 + Level 2.9 Spellcasting
 + Level 0.7 Conjurations
 + Level 0.7 Hexes
 + Level 0.7 Summonings
 + Level 0.7 Necromancy
 + Level 0.7 Translocations
 + Level 5.4 Fire Magic
 + Level 0.7 Ice Magic
 + Level 0.7 Air Magic
 + Level 0.7 Earth Magic
 + Level 0.7 Alchemy
 + Level 1.1 Invocations
 + Level 1.0 Evocations
 + Level 0.9 Shapeshifting


You had 7 spell levels left.
You didn't know any spells.
Your spell library contained the following spells:

 Spells                   Type           Power      Damage    Failure   Level
 Scorch                   Fire           32%        2d6       50%         2
 Apportation              Tloc           6%         N/A       95%         1
 Necrotise                Necr           12%        1d4       95%         1
 Sting                    Conj/Alch      12%        1d3       95%         1
 Summon Small Mammal      Summ           12%        N/A       95%         1


Dungeon Overview and Level Annotations

Branches:
Dungeon (3/15)

Altars:
Makhleb
Xom


Innate Abilities, Weirdness & Mutations

You have very sharp teeth.
Your uncanny sense of smell can sniff out nearby items.
Your experience applies equally to all skills.


Message History

You feel very sick.
The crimson imp blinks!
You take 3 damage, and have 23/35 hp.
You feel sick.
You take 1 damage, and have 22/35 hp.
You feel sick.
You take 1 damage, and have 21/35 hp.
You feel sick.
You feel sick.
You take 3 damage, and have 18/35 hp.
You feel sick.
You feel sick.
You take 1 damage, and have 17/35 hp.
You feel sick.
You are no longer poisoned.
You take 1 damage, and have 16/35 hp.
You are no longer corroded.
There is an open door here.
The crimson imp blinks!
You see here a quokka skeleton.
There is a stone staircase leading up here.
You climb upwards.
There is a stone staircase leading down here.
You start resting.
HP restored.
Health restored: 35 You climb downwards.
There is a stone staircase leading up here.
The crimson imp blinks!
A crimson imp is nearby!
Throw: 32 stones
Press: ? - help, Q - select action Shift-Dir - straight line, f - crimson imp
Aim: a crimson imp, wielding a +1 dagger of chaos (42% to hit)
You throw a stone. The stone hits the crimson imp.
The crimson imp is lightly wounded.
The crimson imp blinks!
A crimson imp is nearby!
Throw: 31 stones
Press: ? - help, Q - select action Shift-Dir - straight line, f/p - crimson imp
Aim: a crimson imp, wielding a +1 dagger of chaos (42% to hit)
You throw a stone.
The stone closely misses the crimson imp.
The crimson imp blinks!
The crimson imp blinks!
You hit the crimson imp but do no damage.
You hit the crimson imp.
The crimson imp is lightly wounded.
The crimson imp hits you but does no damage.
Your willpower is stripped away!
You miss the crimson imp.
The crimson imp hits you with a +1 dagger of chaos.
You are poisoned.
You barely miss the crimson imp.
You feel sick.
The crimson imp hits you with a +1 dagger of chaos.
You take 6 damage, and have 29/35 hp.
You closely miss the crimson imp.
You feel sick.
You take 1 damage, and have 28/35 hp.
You barely miss the crimson imp. You bite the crimson imp.
The crimson imp is lightly wounded.
You feel sick. The crimson imp barely misses you.
You barely miss the crimson imp.
You feel sick.
The crimson imp hits you with a +1 dagger of chaos.
You feel your power leaking away.
You take 7 damage, and have 21/35 hp.
You now have 5/7 mp.
You barely miss the crimson imp.
You feel sick.
The crimson imp hits you but does no damage.
You take 1 damage, and have 20/35 hp.
You closely miss the crimson imp.
You feel sick.
The crimson imp blinks!
You take 1 damage, and have 19/35 hp.
You feel sick.
You take 1 damage, and have 18/35 hp.
You reach to attack!
You closely miss the crimson imp.
You reach to attack!
You hit the crimson imp.
The crimson imp is lightly wounded.
You feel sick.
You are no longer poisoned.
You take 1 damage, and have 18/35 hp.
You hit the crimson imp but do no damage.
The crimson imp is lightly wounded.
The crimson imp hits you but does no damage.
You are electrocuted!
* * * LOW HITPOINT WARNING * * *
You are too injured to fight recklessly!
You are too injured to fight recklessly!
You take 16 damage, and have 2/35 hp.
MASSIVE DAMAGE!!
The crimson imp blinks!
The crimson imp attacks as it pursues you!
The crimson imp hits you with a +1 dagger of chaos.
* * * LOW HITPOINT WARNING * * *
You feel your power leaking away.
You take 1 damage, and have 1/35 hp.
You now have 4/7 mp.
The crimson imp attacks as it pursues you!
The crimson imp barely misses you.
The crimson imp attacks as it pursues you!
The crimson imp hits you but does no damage.
A protective cloak of flame settles atop you.
The crimson imp hits you with a +1 dagger of chaos.
You die...
Ignis goes out, and joins you in death. #### #......# ##P$$ ...# #......# #P$$ ...######......# #PPP

.......##......# #..##
...###.##......# ..∆
........'......# .
....###.#......# ....#
#......÷.#### ....#
###......5@<# ....#
#####....#########
...5##..................
....##.#######.#########
....# #.# ....# #+#
..### ..# ..#


You could see a crimson imp.

Vanquished Creatures
  A dart slug (D:3)
  2 ball pythons
  2 bats
  11 endoplasms
  2 giant cockroaches (D:1)
  4 goblins
  3 hobgoblins (D:1)
  2 jackals (D:3)
  3 quokkas
  5 frilled lizards
  5 kobolds
  4 rats (D:2)
44 creatures vanquished.

Notes
Turn   | Place    | Note
-------+----------+-------------------------------------------
     0 | D:1      | Vbesf the Gnoll Cinder Acolyte began the quest for the Orb.
     0 | D:1      | Reached XP level 1. HP: 23/23 MP: 4/4
   145 | D:1      | Reached XP level 2. HP: 29/29 MP: 5/5
   957 | D:1      | Reached XP level 3. HP: 35/35 MP: 7/7
  1238 | D:2      | Reached skill level 1 in Invocations
  1612 | D:3      | Reached skill level 1 in Short Blades
  1612 | D:3      | Reached skill level 1 in Long Blades
  1612 | D:3      | Reached skill level 1 in Axes
  1612 | D:3      | Reached skill level 1 in Maces & Flails
  1612 | D:3      | Reached skill level 1 in Staves
  1612 | D:3      | Reached skill level 1 in Ranged Weapons
  1612 | D:3      | Reached skill level 1 in Throwing
  1612 | D:3      | Reached skill level 1 in Armour
  1612 | D:3      | Reached skill level 1 in Dodging
  1612 | D:3      | Reached skill level 1 in Stealth
  1612 | D:3      | Reached skill level 1 in Shields
  1612 | D:3      | Reached skill level 1 in Unarmed Combat
  1612 | D:3      | Reached skill level 1 in Evocations
  1809 | D:3      | Found a shimmering altar of Xom.
  1809 | D:3      | Found a burning altar of Makhleb.
  1932 | D:3      | HP: 1/35 [crimson imp/+1 dagger of chaos (2)]
  1935 | D:3      | Slain by a crimson imp

Illustrated notes

Levels and vault maps discovered:
D:1:      shiori_arrival_elements, layout_basic, minmay_misc_feat_pillars,
          minivault_11
D:2:      layout_loops_ring
D:3:      layout_basic, grunt_temple_overflow_champion_of_chaos, st_stairs_14,
          minmay_gold_behind_fungi, kennysheep_generic_room_10, uniq_robin

Skill      XL: |  1  2  3 |
---------------+----------+-----
Invocations    | 1 |  1.1
Short Blades   | 1 |  1.0
Long Blades    | 1 |  1.0
Axes           | 1 |  1.0
Maces & Flails | 1 |  1.0
Staves         | 1 |  1.0
Ranged Weapons | 1 |  1.0
Throwing       | 1 |  1.0
Armour         | 1 |  1.0
Dodging        | 1 |  1.0
Stealth        | 1 |  1.0
Shields        | 1 |  1.0
Unarmed Combat | 1 |  1.0
Evocations     | 1 |  1.0
Fighting       | |  6.5
Polearms       | |  6.5
Spellcasting   | |  2.9
Conjurations   | |  0.7
Hexes          | |  0.7
Summonings     | |  0.7
Necromancy     | |  0.7
Translocations | |  0.7
Fire Magic     | |  5.4
Ice Magic      | |  0.7
Air Magic      | |  0.7
Earth Magic    | |  0.7
Alchemy        | |  0.7
Shapeshifting  | |  0.9

Action                     || total
---------------------------++-------
  Melee: Spear             ||   135
         Bite              ||     5
  Throw: Stone             ||     2
 Invoke: Fiery Armour      ||     1
   Stab: Sleeping          ||     5
 Armour: Robe              ||    23
         Chain mail        ||    20
  Dodge: Dodged            ||    32

Table legend: (Time is in decaauts)
 A = Elapsed time spent in this place.
 B = Non-inter-level travel time spent in this place.
 C = Inter-level travel time spent in this place.
 D = Time resting spent in this place.
 E = Time spent auto-exploring this place.
 F = Levels seen in this place.
 G = Mean time per level.
                   A        B        C        D        E       F      G
               +--------+--------+--------+--------+--------+-----+--------+
         Total |   1905 |   1847 |     58 |     42 |   1488 |   3 |  635.0 |
       Dungeon |   1905 |   1847 |     58 |     42 |   1488 |   3 |  635.0 |
               +--------+--------+--------+--------+--------+-----+--------+

Top non-repeatable levels by time:
     D:1: 985 daAuts
     D:2: 628 daAuts
     D:3: 292 daAuts
